 Dungeon Crawl Stone Soup version 0.22-a0-558-gc2241811a9 (webtiles) character file.

205 Kholdaimon the Skirmisher (level 5, 0/57 HPs)
             Began as an Ogre Fighter on June 27, 2018.
             Slain by Crazy Yiuf
             ... wielding a +3 quarterstaff of chaos
              (8 damage)
             ... on level 3 of the Dungeon.
             The game lasted 00:15:00 (2932 turns).

Kholdaimon the Skirmisher (Ogre Fighter)            Turns: 2932, Time: 00:15:00

Health: 0/57       AC:  3    Str: 20    XL:     5   Next: 83%
Magic:  0/5        EV:  9    Int: 10    God:
Gold:   84         SH:  8    Dex:  8    Spells: 4/4 levels left

rFire    . . .     SeeInvis .   a - +0 war axe
rCold    . . .     Gourm    .   c - +0 shield
rNeg     . . .     Faith    .   b - +0 robe
rPois    +         Spirit   .   (helmet restricted)
rElec    .         Reflect  .   (no cloak)
rCorr    .         Harm     .   (gloves unavailable)
MR       .....                  (boots unavailable)
Stlth    +.........             (no amulet)
HPRegen  0.19/turn              u - ring of poison resistance
MPRegen  0.09/turn              (no ring)

@: slowed, very slow
A: large, unfitting armour, tough skin 1
a: no special abilities


You were on level 3 of the Dungeon.
You were not hungry.

You visited 1 branch of the dungeon, and saw 3 of its levels.

You collected 84 gold pieces.

Inventory:

Hand Weapons
 a - a +0 war axe (weapon)
 h - a +0 hunting sling
Missiles
 g - 112 stones (quivered)
 j - 55 bolts
 l - 4 curare-tipped needles
 o - 4 needles of sleeping
 t - 72 arrows
Armour
 b - a +0 robe (worn)
 c - a +0 shield (worn)
Jewellery
 u - a ring of poison resistance (left hand)
Scrolls
 m - 3 scrolls of blinking
 p - 2 scrolls of fear
Potions
 d - a potion of might
 e - 4 potions of curing
 r - a potion of lignification {unknown}
 s - a potion of cancellation {unknown}
 v - a potion of berserk rage {unknown}
 w - 2 potions of ambrosia
Comestibles
 f - 8 rations


   Skills:
 + Level 5.3 Fighting
 + Level 3.3 Axes
 + Level 3.6 Dodging
 + Level 3.6 Shields


You had 4 spell levels left.
You didn't know any spells.
Your spell library was empty.

Dungeon Overview and Level Annotations

Branches:
Dungeon (3/15)

Altars:
Ashenzari
Nemelex Xobeh

Annotations:
D:3 Crazy Yiuf


Innate Abilities, Weirdness & Mutations

You are too large for most types of armour.
You have tough skin. (AC +1)


Message History

You feel your power leaking away. You block Crazy Yiuf's attack.
You hit Crazy Yiuf.
Crazy Yiuf is moderately wounded.
Crazy Yiuf hits you but does no damage.
You feel yourself slow down.
You hit Crazy Yiuf.
Crazy Yiuf is heavily wounded.
Crazy Yiuf hits you with a quarterstaff of chaos.
You are electrocuted!
You block Crazy Yiuf's attack.
You slash Crazy Yiuf!
Crazy Yiuf is almost dead.
Crazy Yiuf glowers.
Crazy Yiuf hits you with a quarterstaff of chaos.
* * * LOW HITPOINT WARNING * * *
Crazy Yiuf hits you with a quarterstaff of chaos.
* * * LOW HITPOINT WARNING * * *
You completely miss Crazy Yiuf.
Crazy Yiuf is almost dead.
Crazy Yiuf hits you with a quarterstaff of chaos!
You die...

#.........)<.......#.........
#........)<)..............[..
#.>..........#.#...###...⌠.⌠#
##....############## ###.._..
##...# ####⌠.⌠# #####
#.##..## #### ####.##.##
#)..### ##..'....#
#..g@.####.......##
#...##..#........# ####
###.#...+...####
########...... .......
#....... ###.#... .>... .###


You could see Crazy Yiuf.

Vanquished Creatures
  A worker ant (D:2)
  Robin (D:3)
  6 adders (D:2)
  3 gnolls (D:3)
  4 dart slugs
  A worm (D:2)
  An orc (D:3)
  3 giant cockroaches
  15 goblins
  6 hobgoblins
  8 jackals
  8 kobolds
  7 bats
  2 frilled lizards (D:2)
  5 rats
71 creatures vanquished.

Notes
Turn   | Place    | Note
-------+----------+-------------------------------------------
     0 | D:1      | Kholdaimon the Ogre Fighter began the quest for the Orb.
     0 | D:1      | Reached XP level 1. HP: 24/24 MP: 1/1
    91 | D:1      | Found a shattered altar of Ashenzari.
    99 | D:1      | Reached XP level 2. HP: 19/32 MP: 2/2
   515 | D:1      | Reached XP level 3. HP: 30/40 MP: 3/3
  1136 | D:2      | Reached XP level 4. HP: 33/49 MP: 4/4
  1762 | D:2      | Reached skill level 5 in Fighting
  1766 | D:2      | Reached XP level 5. HP: 51/57 MP: 5/5
  2345 | D:3      | Found a sparkling altar of Nemelex Xobeh.
  2372 | D:3      | Noticed Robin
  2403 | D:3      | Killed Robin
  2921 | D:3      | Found a runed door.
  2925 | D:3      | Noticed Crazy Yiuf
  2932 | D:3      | Slain by Crazy Yiuf

Vault maps used:
D:1:      minmay_arrival_glassed_features, minmay_misc_feat_roman,
          evilmike_ruin_ashenzari
D:3:      minmay_goblin_kobold_castle, first_ration,
          nemelex_xobeh_ov_fountains_minmay, uniq_crazy_yiuf_cottage, uniq_robin

Skill      XL: |  1  2  3  4 |
---------------+-------------+-----
Dodging        | 3 |  3.6
Shields        | 3 |  3.6
Fighting       | 5 |  5.3
Axes           | 3 |  3.3

Action                   |  1- 3 |  4- 6 || total
-------------------------+-------+-------++-------
Melee: War axe           |   106 |   135 ||   241
  Use: Scroll            |       |     8 ||     8
       Potion            |       |     2 ||     2
  Eat: Chunk             |     1 |     6 ||     7
Armor: Robe              |    38 |    53 ||    91
Dodge: Dodged            |    41 |    79 ||   120
Block: Shield            |    57 |    92 ||   149

Table legend:
 A = Spawn XP
 B = Non-spawn XP
 C = Spawn XP percentage of total XP
 D = Spawn monster count
 E = Non-spawn monster count
 F = Spawn count percentage of total count
 G = Total turns spent on level
                    A         B        C        D         E        F      G
               +---------+---------+-------+---------+---------+-------+---------
         Total |       0 |     293 |   0.0 |       0 |      71 |   0.0 |  2932
               +---------+---------+-------+---------+---------+-------+---------
           D:1 |       0 |      49 |   0.0 |       0 |      25 |   0.0 |   827
           D:2 |       0 |     153 |   0.0 |       0 |      26 |   0.0 |  1359
           D:3 |       0 |      91 |   0.0 |       0 |      20 |   0.0 |   746
               +---------+---------+-------+---------+---------+-------+---------
